 Dungeon Crawl Stone Soup version 0.21.1-1-g345015f (webtiles) character file.

110 Larett the Chopper (level 4, 0/39 HPs)
             Began as a Minotaur Berserker on Apr 13, 2018.
             Was a Believer of Trog.
             Slain by Sigmund
             ... wielding a cursed -1 scythe
              (3 damage)
             ... on level 2 of the Dungeon.
             The game lasted 00:02:46 (1370 turns).

Larett the Chopper (Minotaur Berserker)             Turns: 1370, Time: 00:02:47

Health: 0/39       AC:  9    Str: 21    XL:     4   Next: 61%
Magic:  3/3        EV:  8    Int:  4    God:    Trog [**....]
Gold:   79         SH:  0    Dex: 11    Spells: 3/3 levels left

rFire    . . .     SeeInvis .   a - +0 hand axe
rCold    . . .     Gourm    .   (no shield)
rNeg     . . .     Faith    .   o - +0 chain mail
rPois    .         Spirit   .   (helmet restricted)
rElec    .         Reflect  .   (no cloak)
rCorr    .         Harm     .   m - +0 pair of gloves
MR       .....                  (no boots)
Stlth    ..........             (no amulet)
HPRegen  0.13/turn              (no ring)
MPRegen  0.08/turn              (no ring)

@: no status effects
A: retaliatory headbutt, horns 2
a: Berserk, Trog's Hand, Burn Spellbooks, Renounce Religion


You were on level 2 of the Dungeon.
You worshipped Trog.
Trog was pleased with you.
You were hungry.

You visited 1 branch of the dungeon, and saw 2 of its levels.

You collected 79 gold pieces.

Inventory:

Hand Weapons
 a - a +0 hand axe (weapon)
Missiles
 d - 64 stones (quivered)
 s - 20 sling bullets
 t - 24 poisoned needles
Armour
 m - a +0 pair of gloves (worn)
 o - a +0 chain mail (worn)
Scrolls
 e - a scroll of blinking {unknown}
 h - a scroll of remove curse {unknown}
 j - a scroll of magic mapping {unknown}
 q - a scroll of identify {unknown}
Potions
 g - a potion of cancellation {unknown}
 i - a potion of agility {unknown}
 l - a potion of berserk rage {unknown}
 n - 2 potions of heal wounds {unknown}
 r - 2 potions of brilliance {unknown}
 u - a potion of degeneration {unknown}
Comestibles
 c - 6 rations
 p - 2 chunks of flesh


   Skills:
 - Level 3.6 Fighting
 + Level 6.6 Axes
 - Level 2.4 Armour
 - Level 2.1 Dodging


You had 3 spell levels left.
You didn't know any spells.

Dungeon Overview and Level Annotations

Branches:
Dungeon (2/15)

Altars:
Qazlal
Uskayaw

Annotations:
D:2 Sigmund


Innate Abilities, Weirdness & Mutations

You reflexively headbutt those who attack you in melee.
You have a pair of horns on your head.


Message History

The rat is heavily wounded.
The rat bites you. Something hits you.
* * * LOW HITPOINT WARNING * * *
You hit the rat.
You kill the rat!
Trog accepts your kill. Something hits you.
* * * LOW HITPOINT WARNING * * *
There is a stone staircase leading down here.
Items here: ) [[ † a spear; an animal skin; a helmet; the hobgoblin corpse of Robin You closely miss something.
Your headbutt misses something. Something hits you.
* * * LOW HITPOINT WARNING * * *
You slash something! You hit something. Your headbutt misses something.
Something hits you.
* * * LOW HITPOINT WARNING * * *
You barely miss something. Something hits you but does no damage.
You closely miss something. You miss something. Your headbutt misses something.
Something hits you.
You die...

#...# #.##.. .$..## #.###
#.##.# #.# ....... #.# #.....
#..##....#..###.# ###...
##..............## #....
.........##......##########....
...........#####..##......#....
.........########.........#....
.......##)...{@)..........#....
#.....))()##########......#####
#.....##### #......# .....
#......# .... #......# ...
######## #. #


There were no monsters in sight!

Vanquished Creatures
  Robin (D:2)
  2 gnolls (D:2)
  2 oozes (D:1)
  3 worms
  4 dart slugs
  2 leopard geckos
  2 giant cockroaches
  12 goblins
  6 hobgoblins
  5 kobolds
  3 ball pythons
  5 bats
  A frilled lizard (D:1)
  4 rats
52 creatures vanquished.

Notes
Turn   | Place    | Note
-------+----------+-------------------------------------------
     0 | D:1      | Larett the Minotaur Berserker began the quest for the Orb.
     0 | D:1      | Reached XP level 1. HP: 19/19 MP: 0/0
    66 | D:1      | Reached skill level 4 in Axes
   181 | D:1      | Reached XP level 2. HP: 26/26 MP: 1/1
   669 | D:1      | Reached skill level 5 in Axes
   673 | D:1      | Reached XP level 3. HP: 24/31 MP: 2/2
  1022 | D:2      | Reached ** piety under Trog
  1171 | D:2      | Found a hide-covered altar of Uskayaw.
  1252 | D:2      | Found a stormy altar of Qazlal.
  1321 | D:2      | Noticed Robin
  1332 | D:2      | Reached XP level 4. HP: 29/39 MP: 3/3
  1332 | D:2      | Reached skill level 6 in Axes
  1342 | D:2      | Noticed Sigmund
  1361 | D:2      | Killed Robin
  1365 | D:2      | HP: 5/39 [something (6)]
  1370 | D:2      | Slain by Sigmund

Skill      XL: |  1  2  3  4 |
---------------+-------------+-----
Axes           | 4 5 6 |  6.6
Fighting       | |  3.6
Armour         | |  2.4
Dodging        | |  2.1

Action                   |  1- 3 |  4- 6 || total
-------------------------+-------+-------++-------
Melee: Hand axe          |    88 |    26 ||   114
       Headbutt          |    15 |     3 ||    18
 Stab: Sleeping          |     1 |       ||     1
  Eat: Chunk             |     1 |       ||     1
Armor: Animal skin       |     8 |       ||     8
       Chain mail        |    15 |    17 ||    32
Dodge: Dodged            |    35 |    16 ||    51
